 Dungeon Crawl Stone Soup version 0.16-a0-1702-gbf7a8d7 (webtiles) character file.

10500 Psiweapon the Cruncher (level 11, -2/118 HPs)
             Began as a Human Gladiator on Oct 28, 2014.
             Was a Plaything of Xom.
             Slain by a worldbinder (3 damage)
             ... summoned by the severe capriciousness of Xom
             ... on level 2 of the Lair of Beasts on Oct 29, 2014.
             The game lasted 01:21:48 (11864 turns).

Psiweapon the Cruncher (Human Gladiator)           Turns: 11864, Time: 01:21:50

Health: -2/118     AC: 25    Str: 21    XL:     11   Next: 94%
Magic:  11/11      EV:  2    Int:  8    God:    Xom
Gold:   531        SH:  0    Dex: 17    Spells: 0 memorised, 10 levels left

rFire  + . .     SeeInvis .     a - +6 quarterstaff (chaos)
rCold  . . .     Rnd*Rage +     k - melded +0 scale mail
rNeg   + + +     SustAb   .     (no shield)
rPois  +         Gourm    .     c - melded +0 helmet
rElec  .         Spirit   .     I - melded +2 cloak of Patterns {rF+ rN+ Slay+3}
rCorr  .         Warding  .     (gloves currently unavailable)
rMut   .         NoTele   +     r - melded +0 pair of boots
MR     .....                    (no amulet)
Stlth  ++........               (no ring)
                                Z - ring of protection from fire

@: mighty, lethally poisoned, tree-form, very slightly contaminated, hasted,
very quick, not resistant to hostile enchantments, unstealthy
A: agile 1, berserk 1, dopey 1
a: Renounce Religion


You were on level 2 of the Lair of Beasts.
You worshipped Xom.
You were a very special plaything of Xom.
You were very hungry.
You were a tree.
You visited 3 branches of the dungeon, and saw 13 of its levels.

You collected 531 gold pieces.

Inventory:

Hand weapons
 a - a +6 quarterstaff of chaos (weapon)
 b - a +0 blowgun
 F - a +3 battleaxe
 Q - a cursed -3 flail
Missiles
 d - 4 throwing nets
 x - 15 sling bullets
 R - 4 tomahawks (quivered)
 U - 3 curare-tipped needles
 V - 43 poisoned needles
Armour
 c - a +0 helmet (melded)
 k - a +0 scale mail (melded)
 q - a +0 robe of magic resistance
 r - a +0 pair of boots (melded)
 I - the +2 cloak of Patterns (melded) {rF+ rN+ Slay+3}
   (You found it on level 6 of the Dungeon)

   It affects your accuracy and damage with ranged weapons and melee attacks
   (+3).
   It protects you from fire.
   It protects you from negative energy.
Jewellery
 y - a -3 ring of protection
 O - a -3 ring of dexterity
 Z - a ring of protection from fire (left branch)
Magical devices
 A - a wand of random effects (17)
Scrolls
 e - 3 scrolls of recharging {unknown}
 i - a scroll of fog {unknown}
 j - 4 scrolls of remove curse
 l - 9 scrolls of identify
 p - a scroll of random uselessness {unknown}
 s - a scroll of silence {unknown}
 B - a scroll of immolation
 G - 3 scrolls of fear {unknown}
 H - 2 scrolls of vulnerability {unknown}
 P - a scroll of noise {unknown}
 W - a scroll of acquirement {unknown}
 X - 2 scrolls of blinking {unknown}
Potions
 g - a potion of haste
 n - a potion of lignification
 o - a potion of agility
 t - 4 potions of restore abilities
 D - a potion of experience {unknown}
 E - a potion of cure mutation {unknown}
 J - a potion of curing {unknown}
 K - a potion of brilliance {unknown}
 Y - a potion of poison {unknown}
Books
 v - a book of Summonings

   Spells                             Type                      Level
   Abjuration                         Summoning                    3
   Recall                             Summoning/Translocation      3
   Shadow Creatures                   Summoning                    5
   Summon Demon                       Summoning                    5
   Summon Forest                      Summoning/Translocation      5
   Monstrous Menagerie                Summoning                    6
Comestibles
 f - 6 bread rations
 m - 13 fruits
 z - 3 meat rations
 M - 6 beef jerkies


   Skills:
 - Level 5.1 Fighting
 + Level 12.6 Staves
 - Level 5.0 Throwing
 + Level 9.1 Armour
 - Level 7.1 Dodging


You had 10 spell levels left.
You didn't know any spells.

Dungeon Overview and Level Annotations

Branches:
Dungeon (10/15)            Temple (1/1) D:7            Lair (2/8) D:10
    Orc: D:9-12

Altars:
Dithmenos
Elyvilon
Fedhas
Gozag
Kikubaaqudgha
Makhleb
Nemelex Xobeh
Okawaru
Qazlal
Ru
Sif Muna
Trog
Vehumet
Xom
Yredelemnul
Zin
The Shining One

Shops:
D:8 }

Annotations:
D:6 exclusions: goliath beetle and ice beast


Innate Abilities, Weirdness & Mutations

You are agile. (Dex +2)
You tend to lose your temper in combat.
You are dopey. (Int -2)


Message History

* * * LOW HITPOINT WARNING * * *
The worldbinder hits you but does no damage. x2
The wolf bites you but does no damage.
The worldbinder hits you but does no damage. x4
Drink which item? (? for menu, Esc to quit)
You feel very mighty all of a sudden.
The wolf bites you but does no damage. x3
The human hits you but does no damage.
The ironheart preserver casts a spell.
The ironheart preserver begins to accept its allies' injuries.
The wolf bites you but does no damage. The worldbinder hits you.
* * * LOW HITPOINT WARNING * * *
The worldbinder hits you.
* * * LOW HITPOINT WARNING * * *
The wolf bites you!
* * * LOW HITPOINT WARNING * * *
The worldbinder hits you but does no damage.
The worldbinder hits you.
You die...
Xom bursts into laughter!

#.# .....P
......##
........##
..........
.........#
.......o.#
......oxhp#
......hh♣h#
.#....ohxxt......
##...pppPp.####
##....P####
##..### #.# ##


You could see 2 ironheart preservers, 3 worldbinders, 3 humans, 2 orc warriors,
a crocodile, 5 wolves and an orc priest.

Vanquished Creatures
  Pikel (D:8)
  A cyclops (D:10)
  3 spiny frogs
  A basilisk (Lair:1)
  A two-headed ogre (D:9)
  3 blink frogs (Lair:1)
  A hungry ghost (D:8)
  A deep elf fighter (D:10)
  Eustachio (D:6)
  7 yaks
  A hill giant skeleton (D:7)
  11 wolves
  A hippogriff (D:9)
  3 water moccasins
  2 black bears
  A sky beast (D:6)
  3 phantoms
  2 porcupines
  5 crocodiles
  2 slaves (D:8)
  6 ogres
  5 centaurs
  Sigmund (D:7)
  A big kobold (D:9)
  Blork the orc (D:7)
  5 giant frogs
  5 scorpions
  3 wights (D:6)
  5 goliath beetles
  2 crimson imps (D:8)
  A jelly (D:6)
  5 orc priests
  A yellow wasp zombie (D:8)
  A quasit (D:7)
  Crazy Yiuf (D:2)
  6 hounds
  8 worker ants
  3 iguanas
  12 orc wizards
  An ogre skeleton (D:7)
  Terence (D:2)
  A mummy (D:9)
  17 adders
  12 gnolls
  21 green rats
  An orc skeleton (D:7)
  A worker ant zombie (D:6)
  A shadow imp (D:9)
  3 worms
  An adder skeleton (D:6)
  2 adder zombies
  8 giant geckos
  An ooze (D:1)
  33 orcs
  A ball python (D:2)
  A bat skeleton (D:4)
  6 giant cockroaches
  8 goblins
  17 hobgoblins
  4 jackals (D:3)
  7 quokkas
  13 bats
  A giant gecko zombie (D:5)
  5 giant newts
  A giant spore (D:8)
  19 kobolds
  An orc zombie (D:5)
  22 rats
  A rat zombie (D:5)
  A ballistomycete (D:8)
335 creatures vanquished.

Vanquished Creatures (collateral kills)
  2 wights (D:6)
  A green rat (Lair:1)
3 creatures vanquished.

Vanquished Creatures (others)
  A yak (D:9)
  A slave (D:8)
  A centaur (D:7)
  An orc (D:8)
  A kobold zombie (D:3)
  A rat (D:2)
6 creatures vanquished.

Grand Total: 344 creatures vanquished

Notes
Turn   | Place    | Note
--------------------------------------------------------------
     0 | D:1      | Psiweapon, the Human Gladiator, began the quest for the Orb.
     0 | D:1      | Reached XP level 1. HP: 16/16 MP: 1/1
   218 | D:1      | Reached XP level 2. HP: 22/22 MP: 2/2
   529 | D:1      | Reached skill level 4 in Staves
   529 | D:1      | Reached XP level 3. HP: 23/27 MP: 3/3
  1245 | D:2      | Noticed Terence
  1275 | D:2      | Killed Terence
  1275 | D:2      | Reached XP level 4. HP: 11/33 MP: 4/4
  1489 | D:2      | Found a glowing golden altar of the Shining One.
  1490 | D:2      | Noticed an angel
  1494 | D:2      | Found a basalt altar of Yredelemnul.
  1495 | D:2      | Noticed a profane servitor
  1583 | D:2      | Noticed Crazy Yiuf
  1598 | D:2      | Killed Crazy Yiuf
  1598 | D:2      | Reached skill level 5 in Staves
  1722 | D:2      | Reached XP level 5. HP: 34/38 MP: 5/5
  2833 | D:3      | Reached XP level 6. HP: 38/44 MP: 6/6
  3127 | D:3      | Reached skill level 5 in Dodging
  3276 | D:3      | Reached XP level 7. HP: 28/50 MP: 7/7
  3543 | D:4      | Reached skill level 6 in Dodging
  3624 | D:4      | Reached skill level 1 in Armour
  3845 | D:4      | Reached XP level 8. HP: 56/56 MP: 8/8
  4266 | D:5      | Entered Level 5 of the Dungeon
  4272 | D:5      | Reached skill level 7 in Staves
  4700 | D:5      | Found a deep blue altar of Sif Muna.
  4700 | D:5      | Found a burning altar of Makhleb.
  4700 | D:5      | Found a sacrificial altar of Ru.
  4703 | D:5      | Found a white marble altar of Elyvilon.
  4703 | D:5      | Found an iron altar of Okawaru.
  5108 | D:6      | Noticed Eustachio
  5115 | D:6      | Found a shadowy altar of Dithmenos.
  5195 | D:6      | Killed Eustachio
  5195 | D:6      | Reached skill level 5 in Armour
  5377 | D:6      | Reached XP level 9. HP: 61/61 MP: 9/9
  5477 | D:6      | Got a dazzling cloak
  5496 | D:6      | Identified the cursed +2 cloak of Patterns {rF+ rN+ Slay+3} (You found it on level 6 of the Dungeon)
  5517 | D:6      | Reached skill level 8 in Staves
  6465 | D:7      | Noticed Sigmund
  6478 | D:7      | Killed Sigmund
  6479 | D:7      | Noticed Blork the orc
  6486 | D:7      | Killed Blork the orc
  6568 | D:7      | Found a staircase to the Ecumenical Temple.
  6581 | Temple   | Entered the Ecumenical Temple
  6612 | Temple   | Became a worshipper of Xom of Chaos
  6688 | D:7      | Reached skill level 5 in Fighting
  6688 | D:7      | Reached skill level 9 in Staves
  6755 | D:7      | XOM: harmless Conj miscast
  6834 | D:7      | XOM: potion effect (berserk rage)
  6952 | D:7      | XOM: silly message
  7077 | D:8      | Reached XP level 10. HP: 74/74 MP: 10/10
  7345 | D:8      | Noticed Pikel
  7353 | D:8      | XOM: potion effect (might)
  7359 | D:8      | Killed Pikel
  7363 | D:8      | Reached skill level 10 in Staves
  7385 | D:8      | Found Kecageul's Gadget Shop.
  7497 | D:8      | Reached skill level 5 in Throwing
  8009 | D:8      | Found a shimmering altar of Xom.
  8078 | D:8      | Found a blossoming altar of Fedhas.
  8191 | D:9      | XOM: noise
  8240 | D:9      | XOM: harmless Pois miscast
  8251 | D:9      | XOM: colour smoke trail
  8772 | D:9      | XOM: divination: detect items
  8842 | D:9      | XOM: mild Necr miscast
  8854 | D:10     | Entered Level 10 of the Dungeon
  8855 | D:10     | XOM: silly message
  8868 | D:10     | Noticed a cyclops
  8876 | D:10     | XOM: divination: detect items
  9097 | D:9      | XOM: enchant monster (good)
  9103 | D:9      | XOM: destruction
  9104 | D:9      | Reached skill level 11 in Staves
  9228 | D:10     | XOM: confuse monster(s)
  9230 | D:10     | XOM: chaos cloud
  9234 | D:10     | Killed a cyclops
  9234 | D:10     | Reached XP level 11. HP: 51/79 MP: 11/11
  9377 | D:9      | XOM: cast spell 'Warp Weapon'
  9380 | D:9      | XOM: enchant monster (good)
  9458 | D:9      | XOM: silly message
  9858 | D:10     | Found a staircase to the Lair.
  9866 | Lair:1   | Entered Level 1 of the Lair of Beasts
  9993 | Lair:1   | XOM: potion effect (might)
  9995 | Lair:1   | XOM: enchant monster (good)
 10000 | Lair:1   | XOM: potion effect (heal wounds)
 10363 | Lair:1   | XOM: summons friendly iron imp
 10425 | Lair:1   | Reached skill level 12 in Staves
 10558 | Lair:1   | XOM: enchant monster (good)
 10654 | Lair:1   | XOM: cast spell 'Summon Butterflies'
 10904 | Lair:1   | XOM: enchant monster (good)
 11054 | Lair:1   | XOM: scenery: 2 doors open
 11259 | Lair:2   | XOM: enchant monster (good)
 11352 | Lair:2   | XOM: cast spell 'Statue Form'
 11388 | Lair:2   | XOM: noise
 11453 | Lair:2   | XOM: divination: detect items
 11528 | Lair:2   | XOM: harmless Chrm miscast
 11565 | Lair:2   | XOM: silly message
 11591 | Lair:2   | XOM: blink monster(s)
 11604 | Lair:1   | XOM: give mutations
 11604 | Lair:1   | Gained mutation: You tend to lose your temper in combat. [Xom's mischief]
 11604 | Lair:1   | Gained mutation: You are dopey. (Int -2) [Xom's mischief]
 11604 | Lair:1   | Gained mutation: You are agile. (Dex +2) [Xom's mischief]
 11848 | Lair:2   | XOM: severe Summ miscast
 11850 | Lair:2   | Noticed an ironheart preserver
 11856 | Lair:2   | XOM: silly message
 11858 | Lair:2   | Noticed an ironheart preserver
 11864 | Lair:2   | HP: 1/118 [wolf (7)]
 11864 | Lair:2   | Slain by a worldbinder

Action                   |  1- 3 |  4- 6 |  7- 9 | 10-12 || total
-------------------------+-------+-------+-------+-------++-------
Melee: Quarterstaff      |    87 |   141 |   291 |   429 ||   948
 Fire: Blowgun           |       |       |       |    21 ||    21
Throw: Stone             |    26 |    27 |     7 |       ||    60
       Throwing net      |     4 |     2 |     5 |     5 ||    16
       Tomahawk          |       |       |       |    13 ||    13
Evoke: Wand              |       |       |     8 |     7 ||    15
  Use: Scroll            |       |     9 |     7 |     2 ||    18
       Potion            |       |       |     2 |     4 ||     6
 Stab: Held in net/web   |       |     2 |     5 |     1 ||     8
       Confused          |       |     1 |       |     2 ||     3
       Distracted        |       |       |     1 |       ||     1
       Paralysed         |       |       |     2 |       ||     2
       Invisible         |       |       |     1 |       ||     1
       Petrified         |       |       |       |     1 ||     1
  Eat: Chunk             |     1 |     6 |     8 |    11 ||    26
       Fruit             |       |     1 |       |     2 ||     3
       Meat ration       |       |       |     1 |       ||     1
       Pizza             |       |       |       |     1 ||     1
